 Dungeon Crawl Stone Soup version 0.23-a0-171-g5ae17c6 (webtiles) character file.

5987 Inarius the Fighter (level 10, -3/82 HPs)
             Began as a Mummy Fighter on Sept 13, 2018.
             Was an Initiate of Gozag.
             Killed from afar by Maurice (20 damage)
             ... with a wand of acid (7)
             ... on level 8 of the Dungeon.
             The game lasted 00:20:32 (8894 turns).

Inarius the Fighter (Mummy Fighter)                 Turns: 8894, Time: 00:20:34

Health: -3/82      AC: 14    Str: 22    XL:     10   Next: 55%
Magic:  10/10      EV:  3    Int: 11    God:    Gozag
Gold:   755        SH: 11    Dex: 12    Spells: 9/9 levels left

rFire    x . .     SeeInvis .   a - +1 whip (drain)
rCold    + . .     Gourm    .   c - +0 shield
rNeg     + + +     Faith    .   x - +8 orange crystal plate armour {Archmagi, Int+3 Clar}
rPois    ∞         Spirit   .   (no helmet)
rElec    .         Reflect  .   (no cloak)
rCorr    .         Harm     .   (no gloves)
MR       ++...     Clarity  +   (no boots)
Stlth    ..........             (no amulet)
HPRegen  0.23/turn              p - ring of protection from magic
MPRegen  0.12/turn              (no ring)

@: corroded, flying, hasted, very quick
A: no food or potions, fire vulnerability, cold resistance 1, negative energy
resistance 3, torment resistance, unbreathing
a: Potion Petition, Call Merchant, Bribe Branch, Renounce Religion


You were on level 8 of the Dungeon.
You worshipped Gozag.
Gozag was pleased with you.
You were not hungry.

You visited 2 branches of the dungeon, and saw 9 of its levels.

You collected 827 gold pieces.
You paid 72 gold pieces to Gozag.

Inventory:

Hand Weapons
 a - a +1 whip of draining (weapon)
 b - a +2 whip of flaming
Missiles
 i - 3 tomahawks
 q - a javelin (quivered)
Armour
 c - a +0 shield (worn)
 s - the +5 scale mail "Noufric" {rN+ Str+3}
   (You found it on level 4 of the Dungeon)

   It affects your strength (+3).
   It protects you from negative energy.
 x - the +8 orange crystal plate armour (worn) {Archmagi, Int+3 Clar}
   (You found it on level 7 of the Dungeon)

   It affects your intelligence (+3).
   It protects you against confusion.
Jewellery
 p - a ring of protection from magic (left hand)
Wands
 g - a wand of flame (37)
 n - a wand of iceblast (7)
 r - a wand of random effects (18)
 u - a wand of clouds (4)
 v - a wand of paralysis (14)
 w - a wand of acid (5)
Scrolls
 d - 3 scrolls of remove curse
 e - 8 scrolls of teleportation
 f - 2 scrolls of enchant weapon
 h - 3 scrolls of magic mapping
 j - 3 scrolls of fear {unknown}
 l - 2 scrolls of random uselessness
 m - 2 scrolls of fog
 o - 2 scrolls of immolation
 t - a scroll of brand weapon {unknown}


   Skills:
 * Level 8.6 Fighting
   Level 2.1 Long Blades
 + Level 2.8 Maces & Flails
 + Level 3.2 Throwing
 + Level 6.7 Armour
 + Level 3.9 Dodging
 + Level 7.7 Shields
 + Level 0.1 Evocations


You had 9 spell levels left.
You didn't know any spells.
Your spell library was empty.

Dungeon Overview and Level Annotations

Branches:
Dungeon (8/15)             Temple (1/1) D:5
   Lair: D:8-11

Altars:
Elyvilon
Gozag
Makhleb
Nemelex Xobeh
Okawaru
Ru
Trog
Uskayaw
Vehumet
Wu Jian
Yredelemnul
Zin
The Shining One

Annotations:
D:8 Maurice


Innate Abilities, Weirdness & Mutations

You do not eat or drink.
Your flesh is vulnerable to fire.
You are immune to poison.
Your flesh is cold resistant. (rC+)
You are immune to negative energy. (rN+++)
You are immune to unholy pain and torment.
You can survive without breathing.


Message History

You miss something. Something hits you but does no damage.
You are electrocuted!
* * * LOW HITPOINT WARNING * * *
[a] - 0 gold - haste, agility and flight [b] - 0 gold - heal wounds, haste and flight [c] - 0 gold - flight, agility and invisibility Purchase which effect?
You feel much better.
You feel yourself speed up.
You feel very buoyant.
You fly up into the air.
You hear a zap.
A bolt of acid appears from out of thin air!
The bolt of acid hits you! The acid corrodes you!
You are splashed with acid!
The acid burns!
* * * LOW HITPOINT WARNING * * *
You hear a zap.
A bolt of acid appears from out of thin air!
The bolt of acid hits you!
You die...
Your body crumbles into a pile of gold.

..(... #....# #. #....#
#..# #.# ###....# ... #.#
...?..+ ..# #.###
#####....# .. #...# .#
.........# #.###...## .#
.#. #.{..# #..##...#.
.#.#.#.
...≈...#@########.##...#.
.#....
.#...#..#................
.#...## #P[
##.#.......#..#...#.
.#....#


.PP ..#......[##.#...#. .##..## .. ..≈#.......##.#...#. .##...# .
....#.##....##.....#) .....##.## ..##.####....###..###) ###...#..#... ..
...........)))<. ..#....#... .#####..#...#### There were no monsters in sight!

Vanquished Creatures
  A two-headed ogre (D:8)
  Erica (D:8)
  Pikel (D:6)
  2 hornets (D:7)
  2 hippogriffs
  Sigmund (D:6)
  A steam dragon (D:7)
  Eustachio (D:4)
  Menkaure (D:5)
  2 black bears
  2 sky beasts
  A necrophage (D:7)
  3 ogres
  3 centaurs
  A phantom (D:8)
  Blork the orc (D:4)
  3 bullfrogs
  2 gnoll sergeants (D:3)
  2 scorpions
  6 killer bees
  A howler monkey (D:4)
  2 crimson imps (D:6)
  5 hounds
  5 orc priests
  Ijyb (D:4)
  3 iguanas
  A bullfrog skeleton (D:5)
  2 orc wizards
  6 worker ants
  2 hound zombies
  3 hound skeletons
  11 gnolls
  12 adders
  3 shadow imps
  3 oozes
  An adder skeleton (D:4)
  3 worms
  2 dart slugs (D:1)
  7 leopard geckos
  24 orcs
  8 bats
  8 giant cockroaches
  7 goblins
  5 hobgoblins
  8 jackals
  12 kobolds
  A quokka (D:8)
  5 ball pythons
  8 frilled lizards
  A giant cockroach zombie (D:5)
  A quokka skeleton (D:5)
  8 rats
206 creatures vanquished.

Notes
Turn   | Place    | Note
-------+----------+-------------------------------------------
     0 | D:1      | Inarius the Mummy Fighter began the quest for the Orb.
     0 | D:1      | Reached XP level 1. HP: 18/18 MP: 1/1
   197 | D:1      | Reached XP level 2. HP: 24/24 MP: 2/2
   557 | D:1      | Reached XP level 3. HP: 29/29 MP: 3/3
  1194 | D:2      | Found a burning altar of Makhleb.
  1208 | D:2      | Reached XP level 4. HP: 36/36 MP: 4/4
  1242 | D:2      | Found a glowing silver altar of Zin.
  1311 | D:2      | Found an ornate altar of the Wu Jian Council.
  1830 | D:2      | Reached skill level 1 in Dodging
  1830 | D:2      | Reached XP level 5. HP: 13/42 MP: 5/5
  2087 | D:3      | Reached skill level 4 in Fighting
  2488 | D:3      | Reached XP level 6. HP: 30/49 MP: 6/6
  2494 | D:3      | Found an iron altar of Okawaru.
  3309 | D:4      | Reached skill level 5 in Fighting
  3345 | D:4      | Got a twisted scale mail
  3627 | D:3      | Reached XP level 7. HP: 41/56 MP: 7/7
  3882 | D:4      | Noticed Eustachio
  3897 | D:4      | Killed Eustachio
  3897 | D:4      | Reached skill level 1 in Throwing
  4413 | D:4      | Identified the +5 scale mail "Noufric" {rN+ Str+3} (You
                  | found it on level 4 of the Dungeon)
  4438 | D:5      | Entered Level 5 of the Dungeon
  4438 | D:5      | Found a hide-covered altar of Uskayaw.
  4485 | D:4      | Reached XP level 8. HP: 43/64 MP: 8/8
  4655 | D:5      | Reached skill level 6 in Fighting
  4797 | D:5      | Found a white marble altar of Elyvilon.
  4808 | D:5      | Reached skill level 5 in Shields
  4823 | D:5      | Noticed Ijyb
  4824 | D:5      | Noticed Blork the orc
  4858 | D:4      | Killed Ijyb
  4954 | D:4      | Reached skill level 5 in Armour
  5085 | D:4      | Killed Blork the orc
  5227 | D:5      | Found a staircase to the Ecumenical Temple.
  5257 | D:5      | Noticed Menkaure
  5260 | D:5      | Killed Menkaure
  5441 | Temple   | Entered the Ecumenical Temple
  5528 | Temple   | Became a worshipper of Gozag Ym Sagoz the Greedy
  5606 | D:5      | Found a bloodstained altar of Trog.
  5676 | D:5      | Found a sacrificial altar of Ru.
  6351 | D:6      | Noticed Sigmund
  6364 | D:6      | Killed Sigmund
  6364 | D:6      | Reached XP level 9. HP: 57/71 MP: 9/9
  6426 | D:6      | Noticed Pikel
  6441 | D:6      | Killed Pikel
  6441 | D:6      | Reached skill level 7 in Fighting
  7721 | D:7      | Found the +8 orange crystal plate armour {Archmagi, Int+3
                  | Clar}
  8006 | D:7      | Reached skill level 8 in Fighting
  8006 | D:7      | Reached XP level 10. HP: 67/80 MP: 10/10
  8507 | D:8      | Noticed a two-headed ogre
  8516 | D:8      | Killed a two-headed ogre
  8516 | D:8      | Reached skill level 1 in Maces & Flails
  8677 | D:8      | Noticed Erica
  8706 | D:8      | Killed Erica
  8837 | D:8      | Found a sparkling altar of Nemelex Xobeh.
  8876 | D:8      | Noticed Maurice
  8894 | D:8      | Killed from afar by Maurice

Vault maps used:
D:1:      eino_arrival_cavern_b
D:2:      zin_academy, lemuel_crystal_altar, makhleb_heckhound_becter
D:3:      lemuel_doored_altar, first_ration
D:4:      uniq_eustachio
D:5:      bloody_trog, nicolae_overflow_hidden_temple, lemuel_crystal_altar,
          kennysheep_mini, temple_doors_e, uniq_ijyb, uniq_blork_the_orc,
          uniq_menkaure
D:6:      uniq_pikel, uniq_sigmund
D:8:      lemuel_coloured_pillars_altar, dpeg_oklobed_lair, serial_shops, shop,
          hangedman_little_slice_of_home, uniq_erica, uniq_maurice
Temple:   minmay_temple_curvy_branch

Skill      XL: |  1  2  3  4  5  6  7  8  9 10 |
---------------+-------------------------------+-----
Long Blades    | 2 |  2.1
Armour         | 3 4 5 6 |  6.7
Shields        | 3 4 5 7 |  7.7
Dodging        | 1 2 3 |  3.9
Fighting       | 4 5 6 8 |  8.6
Throwing       | 1 2 3 |  3.2
Maces & Flails | 2 |  2.8
Evocations     | |  0.1

Action                   |  1- 3 |  4- 6 |  7- 9 | 10-12 || total
-------------------------+-------+-------+-------+-------++-------
Melee: Long sword        |    90 |       |       |       ||    90
       Whip              |    51 |   277 |   729 |   176 ||  1233
Throw: Javelin           |       |    14 |    54 |     6 ||    74
       Tomahawk          |       |       |       |     4 ||     4
Invok: Potion Petition   |       |       |       |     1 ||     1
Evoke: Wand              |       |       |       |     3 ||     3
  Use: Scroll            |       |     4 |     5 |       ||     9
Armor: Scale mail        |    62 |    72 |   264 |       ||   398
       Chain mail        |       |    49 |    54 |       ||   103
       Crystal plate arm |       |       |    61 |   149 ||   210
Dodge: Dodged            |    51 |    68 |   270 |    16 ||   405
Block: Shield            |    77 |   140 |   434 |   106 ||   757
       Rpst.: Long sword |     6 |       |       |       ||     6

Table legend:
 A = Non-vault XP
 B = Vault XP
 C = Vault XP percentage of total XP
 D = Non-vault monster count
 E = Vault monster count
 F = Vault count percentage of total count
                 A         B        C        D         E       F
            +---------+---------+-------+---------+---------+-------
      Total |    6269 |    2285 |  26.7 |     198 |       8 |   3.9
            +---------+---------+-------+---------+---------+-------
        D:1 |      66 |       0 |   0.0 |      34 |       0 |   0.0
        D:2 |      96 |      43 |  30.9 |      26 |       1 |   3.7
        D:3 |     448 |       0 |   0.0 |      39 |       0 |   0.0
        D:4 |     697 |     320 |  31.5 |      25 |       3 |  10.7
        D:5 |     561 |     172 |  23.5 |      18 |       1 |   5.3
        D:6 |     599 |     852 |  58.7 |      11 |       2 |  15.4
        D:7 |    1846 |       0 |   0.0 |      23 |       0 |   0.0
        D:8 |    1956 |     898 |  31.5 |      22 |       1 |   4.3
            +---------+---------+-------+---------+---------+-------
